 Dungeon Crawl Stone Soup version 0.28-a0-1117-g0bdd5ba030 (webtiles) character file.

Game seed: 4075694782290533008

221 Blackjack the Magician (level 5, 0/38 HPs)
             Began as a Gnoll Hedge Wizard on Dec 11, 2021.
             Slain by an ufetubus (2 damage)
             ... on level 3 of the Dungeon.
             The game lasted 00:13:38 (3042 turns).

Blackjack the Magician (Gnoll Hedge Wizard)         Turns: 3042, Time: 00:13:41

Health: 0/38       AC:  4    Str:  9    XL:     5   Next: 98%
Magic:  1/14       EV: 13    Int: 22    God:
Gold:   56         SH:  0    Dex: 11    Spells: 10/18 levels left

rFire   . . .      SeeInvis .   j - +0 short sword
rCold   . . .      Faith    .   (no shield)
rNeg    . . .      Spirit   .   b - +0 robe
rPois   .          Reflect  .   a - +2 hat
rElec   .          Harm     .   (no cloak)
rCorr   .          Rampage  .   (no gloves)
Will    .....                   (no boots)
Stlth   ++........              (no amulet)
HPRegen 0.12/turn               c - +6 ring of intelligence
MPRegen 0.14/turn               (no ring)

@: no status effects
A: fangs 1, strong nose, distributed training
a: no special abilities


You were on level 3 of the Dungeon.
You visited 1 branch of the dungeon, and saw 3 of its levels.

You collected 56 gold pieces.

Inventory:

Hand Weapons
 j - a +0 short sword (weapon)
Armour
 a - a +2 hat (worn)
 b - a +0 robe (worn)
Jewellery
 c - a +6 ring of intelligence (left hand)
Scrolls
 e - a scroll of noise {unknown}
 f - 4 scrolls of identify {unknown}
 l - a scroll of blinking {unknown}
 m - a scroll of immolation {unknown}
Potions
 d - a potion of lignification {unknown}
 g - 2 potions of might {unknown}
 h - a potion of heal wounds {unknown}
 i - a potion of brilliance {unknown}
 k - a potion of flight {unknown}
 n - a potion of curing {unknown}
 o - 2 potions of cancellation {unknown}


   Skills:
 + Level 1.7 Fighting
 + Level 1.7 Short Blades
 + Level 1.7 Long Blades
 + Level 1.7 Axes
 + Level 1.7 Maces & Flails
 + Level 1.7 Polearms
 + Level 1.7 Staves
 + Level 1.7 Slings
 + Level 1.7 Bows
 + Level 1.7 Crossbows
 + Level 1.7 Throwing
 + Level 1.7 Armour
 + Level 4.9 Dodging
 + Level 4.5 Stealth
 + Level 1.7 Shields
 + Level 1.7 Unarmed Combat
 + Level 7.3 Spellcasting
 + Level 2.5 Conjurations
 + Level 1.3 Hexes
 + Level 2.5 Summonings
 + Level 1.3 Necromancy
 + Level 2.5 Translocations
 + Level 1.3 Transmutations
 + Level 1.3 Fire Magic
 + Level 1.3 Ice Magic
 + Level 1.3 Air Magic
 + Level 1.3 Earth Magic
 + Level 1.3 Poison Magic
 + Level 1.9 Invocations
 + Level 1.7 Evocations


You had 10 spell levels left.
You knew the following spells:

 Your Spells              Type           Power      Damage    Failure   Level
a - Magic Dart            Conj           76%        1d6       2%          1
b - Blink                 Tloc           38%        N/A       4%          2
c - Mephitic Cloud        Conj/Pois/Air  15%        N/A       12%         3
d - Call Imp              Summ           19%        N/A       4%          2

Your spell library contained the following spells:

 Spells                   Type           Power      Damage    Failure   Level
 Slow                     Hex            56%        N/A       4%          1
 Conjure Flame            Conj/Fire      16%        6-21      11%         3


Dungeon Overview and Level Annotations

Branches:
Dungeon (3/15)

Altars:

Shops:
D:1 *


Innate Abilities, Weirdness & Mutations

You have very sharp teeth.
Your uncanny sense of smell can sniff out nearby items.
Your experience applies equally to all skills.


Message History

Your crimson imp closely misses the ufetubus.
You closely miss the ufetubus. Your bite misses the ufetubus.
The ufetubus is almost dead.
The ufetubus misses you. The ufetubus barely misses you.
Your crimson imp blinks!
The ufetubus closely misses you. x2
You miss the ufetubus. Your bite misses the ufetubus.
The ufetubus is almost dead.
The ufetubus hits you. x2; The ufetubus completely misses you.
The ufetubus closely misses you.
You hit the ufetubus but do no damage.
The ufetubus is almost dead.
The ufetubus hits you.
The ufetubus hits you but does no damage.
Your crimson imp blinks!
The ufetubus hits you. x2
Your crimson imp blinks!
The black bear bites you.
* * * LOW HITPOINT WARNING * * *
The black bear claws you.
* * * LOW HITPOINT WARNING * * *
The black bear claws you.
* * * LOW HITPOINT WARNING * * *
The ufetubus misses you. The ufetubus barely misses you.
Your crimson imp blinks!
The ufetubus hits you.
* * * LOW HITPOINT WARNING * * *
The ufetubus hits you but does no damage.
Your crimson imp blinks!
The ufetubus hits you.
* * * LOW HITPOINT WARNING * * *
The ufetubus hits you but does no damage.
Casting: Call Imp (safe; 4% risk of failure)
Confirm with . or Enter, or press ? or * to list all spells.
A beastly little devil appears in a puff of frigid air.
Your crimson imp disappears in a puff of smoke!
The ufetubus closely misses you.
The ufetubus hits you but does no damage.
The ufetubus closely misses you. The ufetubus hits you.
You die...

..#.......
......#.....#
............##### #....
#.....<....
#....##..(....#
.............# .
#...........# #.
..##........#####..#
#.#####.......h5@.5...#
.5..)##........######.#
#.......##..§###
#.##÷####.....#
#...<.........#
####.####!....# ...#
##)..## ##### ##.....
#####


You could see a black bear, an ufetubus (ally target) and a friendly white imp
(summoned).

Vanquished Creatures
  A howler monkey (D:2)
  3 adders (D:2)
  A dart slug (D:2)
  An orc (D:3)
  4 endoplasms
  2 giant cockroaches
  5 goblins
  7 hobgoblins
  6 jackals
  4 quokkas
  3 ball pythons
  7 bats
  3 frilled lizards
  4 kobolds
  8 rats
59 creatures vanquished.

Vanquished Creatures (collateral kills)
  Pargi (D:2)
  A rat (D:3)
2 creatures vanquished.

Grand Total: 61 creatures vanquished

Notes
Turn   | Place    | Note
-------+----------+-------------------------------------------
     0 | D:1      | Blackjack the Gnoll Hedge Wizard began the quest for the
                  | Orb.
     0 | D:1      | Reached XP level 1. HP: 13/13 MP: 8/8
   250 | D:1      | Reached XP level 2. HP: 17/19 MP: 2/10
   669 | D:1      | Reached XP level 3. HP: 13/25 MP: 3/11
   870 | D:1      | Found Ymoireiwk's Assorted Antiques.
  1106 | D:1      | Learned a level 2 spell: Blink
  1111 | D:1      | Learned a level 3 spell: Mephitic Cloud
  1114 | D:1      | Learned a level 2 spell: Call Imp
  1522 | D:2      | Reached skill level 1 in Invocations
  1650 | D:2      | Reached skill level 1 in Fighting
  1650 | D:2      | Reached skill level 1 in Short Blades
  1650 | D:2      | Reached skill level 1 in Long Blades
  1650 | D:2      | Reached skill level 1 in Axes
  1650 | D:2      | Reached skill level 1 in Maces & Flails
  1650 | D:2      | Reached skill level 1 in Polearms
  1650 | D:2      | Reached skill level 1 in Staves
  1650 | D:2      | Reached skill level 1 in Slings
  1650 | D:2      | Reached skill level 1 in Bows
  1650 | D:2      | Reached skill level 1 in Crossbows
  1650 | D:2      | Reached skill level 1 in Throwing
  1650 | D:2      | Reached skill level 1 in Armour
  1650 | D:2      | Reached skill level 1 in Shields
  1650 | D:2      | Reached skill level 1 in Unarmed Combat
  1650 | D:2      | Reached skill level 1 in Evocations
  1819 | D:2      | Reached XP level 4. HP: 32/32 MP: 10/13
  2594 | D:3      | Noticed Pargi
  2678 | D:2      | Killed Pargi
  2679 | D:2      | Reached skill level 1 in Hexes
  2679 | D:2      | Reached skill level 1 in Necromancy
  2679 | D:2      | Reached skill level 1 in Transmutations
  2679 | D:2      | Reached skill level 1 in Fire Magic
  2679 | D:2      | Reached skill level 1 in Ice Magic
  2679 | D:2      | Reached skill level 1 in Air Magic
  2679 | D:2      | Reached skill level 1 in Earth Magic
  2679 | D:2      | Reached skill level 1 in Poison Magic
  2679 | D:2      | Reached XP level 5. HP: 14/37 MP: 2/14
  3005 | D:3      | Noticed a black bear
  3042 | D:3      | Slain by an ufetubus

Illustrated notes

Levels and vault maps discovered:
D:1:      dpeg_arrival_prison, layout_basic, serial_shops, nicolae_shop_stone
D:2:      layout_loops_ring
D:3:      layout_loops_cross, nicolae_hepliaklqana_hippocampus,
          dreamdust_ecumenical_altar_angels_and_demons, serial_shops,
          nicolae_shop_advertising_works [nicolae_subvault_shop_adworks],
          hangedman_decor_push, uniq_pargi

Skill      XL: |  1  2  3  4 |
---------------+-------------+-----
Conjurations   | 2 |  2.5
Summonings     | 2 |  2.5
Translocations | 2 |  2.5
Invocations    | 1 |  1.9
Fighting       | 1 |  1.7
Short Blades   | 1 |  1.7
Long Blades    | 1 |  1.7
Axes           | 1 |  1.7
Maces & Flails | 1 |  1.7
Polearms       | 1 |  1.7
Staves         | 1 |  1.7
Slings         | 1 |  1.7
Bows           | 1 |  1.7
Crossbows      | 1 |  1.7
Throwing       | 1 |  1.7
Armour         | 1 |  1.7
Shields        | 1 |  1.7
Unarmed Combat | 1 |  1.7
Evocations     | 1 |  1.7
Hexes          | 1 |  1.3
Necromancy     | 1 |  1.3
Transmutations | 1 |  1.3
Fire Magic     | 1 |  1.3
Ice Magic      | 1 |  1.3
Air Magic      | 1 |  1.3
Earth Magic    | 1 |  1.3
Poison Magic   | 1 |  1.3
Dodging        | |  4.9
Stealth        | |  4.5
Spellcasting   | |  7.3

Action                   |  1- 3 |  4- 6 || total
-------------------------+-------+-------++-------
Melee: Dagger            |    27 |       ||    27
       Bite              |     1 |     5 ||     6
       Short sword       |       |    32 ||    32
       Punch             |       |     1 ||     1
 Cast: Magic Dart        |    93 |    57 ||   150
       Call Imp          |       |     6 ||     6
       Mephitic Cloud    |       |     3 ||     3
       Blink             |       |     2 ||     2
 Stab: Confused          |       |     1 ||     1
Armor: Robe              |    12 |    27 ||    39
Dodge: Dodged            |    27 |    58 ||    85

Table legend: (Time is in decaauts)
 A = Elapsed time spent in this place.
 B = Non-inter-level travel time spent in this place.
 C = Inter-level travel time spent in this place.
 D = Time resting spent in this place.
 E = Time spent auto-exploring this place.
 F = Levels seen in this place.
 G = Mean time per level.
                   A        B        C        D        E       F      G
               +--------+--------+--------+--------+--------+-----+--------+
         Total |   3042 |   2982 |     60 |     58 |   2469 |   3 | 1014.0 |
       Dungeon |   3042 |   2982 |     60 |     58 |   2469 |   3 | 1014.0 |
               +--------+--------+--------+--------+--------+-----+--------+

Top non-repeatable levels by time:
     D:1: 1514 daAuts
     D:2: 1439 daAuts
     D:3: 88 daAuts
